 Dungeon Crawl Stone Soup version 0.27-a0-1228-gfd60fd639a (webtiles) character file.

Game seed: 14435904203797078610

229 lia the Conjurer (level 5, -5/30 HPs)
             Began as a Deep Elf Conjurer on June 7, 2021.
             Slain by Grinder (6 damage)
             ... on level 3 of the Dungeon.
             The game lasted 00:04:01 (2742 turns).

lia the Conjurer (Deep Elf Conjurer)                Turns: 2742, Time: 00:04:02

Health: -5/30      AC:  2    Str:  4    XL:     5   Next: 71%
Magic:  7/15       EV: 12    Int: 24    God:
Gold:   78         SH:  0    Dex: 13    Spells: 8/15 levels left

rFire    . . .     SeeInvis .   n - +0 dagger
rCold    . . .     Faith    .   (no shield)
rNeg     . . .     Spirit   .   a - +0 robe
rPois    .         Reflect  .   (no helmet)
rElec    .         Harm     .   (no cloak)
rCorr    .         Rampage  .   (no gloves)
Will     .....                  (no boots)
Stlth    ++........             k - amulet of regeneration
HPRegen  1.10/turn              (no ring)
MPRegen  0.14/turn              (no ring)

@: no status effects
A: no striking features
a: no special abilities


You were on level 3 of the Dungeon.
You visited 1 branch of the dungeon, and saw 3 of its levels.

You collected 78 gold pieces.

Inventory:

Hand Weapons
 n - a +0 dagger (weapon)
Missiles
 f - 8 atropa-tipped darts
 h - 2 throwing nets
Armour
 a - a +0 robe (worn)
 g - quicksilver dragon scales
Jewellery
 k - an amulet of regeneration (around neck)
Scrolls
 c - a scroll of identify
Potions
 b - 2 potions of haste
 d - a potion of curing {unknown}
 i - a potion of resistance {unknown}
 j - a potion of magic {unknown}
 l - a potion of heal wounds {unknown}


   Skills:
 + Level 1.7 Fighting
 - Level 2.4 Dodging
 - Level 2.4 Stealth
 * Level 5.6 Spellcasting
 * Level 5.9 Conjurations


You had 8 spell levels left.
You knew the following spells:

 Your Spells              Type           Power      Damage    Failure   Level
a - Magic Dart            Conj           100%       1d8       1%          1
b - Searing Ray           Conj           70%        3d5       1%          2
c - Iskenderun's Mystic   Conj/Tloc      21%        2d6       24%         4

Your spell library contained the following spells:

 Spells                   Type           Power      Damage    Failure   Level
 Dazzling Flash           Conj/Hex       42%        N/A       8%          3
 Beastly Appendage        Tmut           12%        N/A       9%          1
 Wereblood                Tmut           6%         N/A       12%         2
 Spider Form              Tmut/Pois      3%         N/A       24%         3
 Fulminant Prism          Conj/Hex       10%        3d9       24%         4
 Ice Form                 Ice/Tmut       6%         N/A       63%         4
 Hydra Form               Tmut           3%         N/A       92%         5


Dungeon Overview and Level Annotations

Branches:
Dungeon (3/15)

Altars:

Annotations:
D:3 Grinder


Message History

Confirm with . or Enter, or press ? or * to list all spells.
Aiming: Searing Ray (safe; 1% risk of failure)
Press: ? - help, Shift-Dir - straight line, f - Grinder
Aim: Grinder, carrying a wand of flame (13) (78% to hit)
The searing ray hits Grinder.
Grinder is lightly wounded. (Press . to maintain the ray.)
The searing ray hits Grinder.
Grinder is lightly wounded.
Grinder hits you.
You writhe in agony.
The searing ray hits Grinder.
Grinder is moderately wounded.
Grinder hits you!
The searing ray hits Grinder!
Grinder is heavily wounded.
You finish channeling your searing ray.
Grinder gestures at you.
You suddenly lose the ability to move!
Grinder hits you.
You writhe in agony.
* * * LOW HITPOINT WARNING * * *
You can move again.
Grinder hits you.
* * * LOW HITPOINT WARNING * * *
Casting: Searing Ray (safe; 1% risk of failure)
Confirm with . or Enter, or press ? or * to list all spells.
Aiming: Searing Ray (safe; 1% risk of failure)
Press: ? - help, Shift-Dir - straight line, f/p - Grinder
Aim: Grinder, carrying a wand of flame (13) (heavily wounded, 78% to hit)
The searing ray hits Grinder.
Grinder is severely wounded. (Press . to maintain the ray.) Grinder closely misses you.
The searing ray hits Grinder!
Grinder is almost dead.
Grinder gestures at you.
You struggle to resist.
The searing ray misses Grinder.
Grinder hits you!
* * * LOW HITPOINT WARNING * * *
You writhe in agony.
You die...

##.....## #
#.......####.#
#####............#
#.......)...######
.)..........#
#.####....#.#
#.....#)#.#.# #
......#.##..########....
................@5...#
#.#...#.##...#######.#
#............#
...............5....
###.########.####### #
#.# #.# # #.# #.# # #.#
#.# # #.###### #.#


You could see Grinder.

Vanquished Creatures
  A water moccasin (D:3)
  An orc wizard (D:3)
  3 adders (D:2)
  2 dart slugs
  6 orcs (D:3)
  5 ball pythons
  5 endoplasms
  4 giant cockroaches
  2 goblins
  7 hobgoblins
  3 quokkas
  7 bats
  2 frilled lizards
  7 kobolds
  5 rats
60 creatures vanquished.

Notes
Turn   | Place    | Note
-------+----------+-------------------------------------------
     0 | D:1      | lia the Deep Elf Conjurer began the quest for the Orb.
     0 | D:1      | Reached XP level 1. HP: 10/10 MP: 6/6
   224 | D:1      | Reached XP level 2. HP: 16/16 MP: 5/8
   889 | D:1      | Found a faded altar of an unknown god.
  1083 | D:1      | Reached XP level 3. HP: 20/20 MP: 7/10
  1310 | D:2      | Reached skill level 5 in Conjurations
  1376 | D:2      | Reached skill level 1 in Fighting
  1473 | D:2      | Reached XP level 4. HP: 25/25 MP: 9/12
  2278 | D:3      | Learned a level 2 spell: Searing Ray
  2283 | D:3      | Learned a level 4 spell: Iskenderun's Mystic Blast
  2422 | D:3      | Noticed a water moccasin
  2427 | D:3      | Killed a water moccasin
  2428 | D:3      | Reached skill level 5 in Spellcasting
  2428 | D:3      | Reached XP level 5. HP: 29/29 MP: 7/14
  2728 | D:3      | Noticed Grinder
  2737 | D:3      | Paralysed by Grinder for 2 turns
  2742 | D:3      | HP: 1/30 [Grinder (9)]
  2742 | D:3      | Slain by Grinder

Illustrated notes

Levels and vault maps discovered:
D:1:      lightli_arrival_statuegarden, layout_loops_ring,
          ebering_ecumenical_altar_ruins
D:2:      layout_loops_ring, serial_bayou_pond_d
D:3:      layout_loops_ring, serial_shops, shop, uniq_grinder

Skill      XL: |  1  2  3  4 |
---------------+-------------+-----
Spellcasting   | 4 5 |  5.6
Conjurations   | 5 |  5.9
Fighting       | 1 |  1.7
Dodging        | |  2.4
Stealth        | |  2.4

Action                   |  1- 3 |  4- 6 || total
-------------------------+-------+-------++-------
Melee: Unarmed           |     3 |       ||     3
 Cast: Magic Dart        |    69 |    47 ||   116
       Searing Ray       |       |     3 ||     3
  Use: Scroll            |       |     5 ||     5
Armor: Robe              |     3 |       ||     3
Dodge: Dodged            |     6 |     5 ||    11

Table legend: (Time is in decaauts)
 A = Elapsed time spent in this place.
 B = Non-inter-level travel time spent in this place.
 C = Inter-level travel time spent in this place.
 D = Time resting spent in this place.
 E = Time spent auto-exploring this place.
 F = Levels seen in this place.
 G = Mean time per level.
                   A        B        C        D        E       F      G
               +--------+--------+--------+--------+--------+-----+--------+
         Total |   2742 |   2672 |     70 |    114 |   2278 |   3 |  914.0 |
       Dungeon |   2742 |   2672 |     70 |    114 |   2278 |   3 |  914.0 |
               +--------+--------+--------+--------+--------+-----+--------+

Top non-repeatable levels by time:
     D:1: 1126 daAuts
     D:2: 1069 daAuts
     D:3: 547 daAuts
